 Dungeon Crawl Stone Soup version 0.27-a0-1347-gd8886f0a89 (webtiles) character file.

Game seed: 3392653406738555690

59 polve the Chopper (level 3, -1/27 HPs)
             Began as a Demonspawn Gladiator on June 27, 2021.
             Slain by Natasha (3 damage)
             ... on level 2 of the Dungeon.
             The game lasted 00:01:18 (1439 turns).

polve the Chopper (Demonspawn Gladiator)            Turns: 1439, Time: 00:01:18

Health: -1/27      AC:  5    Str: 15    XL:     3   Next: 78%
Magic:  3/3        EV: 11    Int:  9    God:
Gold:   74         SH:  0    Dex: 14    Spells: 2/2 levels left

rFire    . . .     SeeInvis .   a - +0 war axe
rCold    . . .     Faith    .   (no shield)
rNeg     . . .     Spirit   .   f - +0 ring mail
rPois    .         Reflect  .   (helmet restricted)
rElec    .         Harm     .   (no cloak)
rCorr    .         Rampage  .   (no gloves)
Will     .....                  (no boots)
Stlth    +.........             (no amulet)
HPRegen  0.09/turn              (no ring)
MPRegen  0.08/turn              (no ring)

@: slowed, very slow
A: horns 1, demonic guardian 1
a: no special abilities


You were on level 2 of the Dungeon.
You visited 1 branch of the dungeon, and saw 2 of its levels.

You collected 74 gold pieces.

Inventory:

Hand Weapons
 a - a +0 war axe (weapon)
Missiles
 d - 3 throwing nets (quivered)
Armour
 b - a +0 leather armour
 c - a +0 helmet
 f - a +0 ring mail (worn)
Scrolls
 e - a scroll of fear {unknown}
 h - a scroll of summoning {unknown}
 j - a scroll of vulnerability {unknown}
 k - a scroll of identify {unknown}
Potions
 g - 2 potions of curing {unknown}
 i - 2 potions of might {unknown}


   Skills:
 - Level 2.0 Fighting
 + Level 3.7 Axes
 - Level 1.7 Throwing
 - Level 2.0 Armour
 - Level 2.6 Dodging


You had 2 spell levels left.
You didn't know any spells.
Your spell library was empty.

Dungeon Overview and Level Annotations

Branches:
Dungeon (2/15)

Altars:

Annotations:
D:2 Natasha


Innate Abilities, Weirdness & Mutations

You have a pair of small horns on your head.
A weak demonic guardian rushes to your aid.


Message History

You closely miss Natasha. Natasha misses you.
You barely miss Natasha. Natasha closely misses you. Natasha claws you.
You are too injured to fight recklessly!
You are too injured to fight recklessly!
You are too injured to fight recklessly!
You are too injured to fight recklessly!
You are too injured to fight recklessly!
You are too injured to fight recklessly!
You are too injured to fight recklessly!
Your ring mail prevents you from hitting Natasha.
You headbutt Natasha.
Natasha is lightly wounded.
Natasha casts a spell at you.
You feel as though you will be slow longer.
Natasha barely misses you.
You hit Natasha. Your headbutt misses Natasha.
Natasha is heavily wounded.
Natasha misses you.
Natasha stares at you and mumbles some strange words.
The magic dart hits you.
A demonic guardian appears!
You barely miss Natasha.
Natasha is heavily wounded.
Natasha closely misses you.
Natasha stares at you and mumbles some strange words.
You resist with significant effort.
You closely miss Natasha. Your headbutt misses Natasha.
Natasha is heavily wounded.
Natasha mumbles some strange words.
Natasha shimmers violently.
Natasha closely misses you. Natasha barely misses you.
You closely miss Natasha.
Natasha is heavily wounded.
Natasha claws you!
* * * LOW HITPOINT WARNING * * *
Natasha claws you.
* * * LOW HITPOINT WARNING * * *
You hit Natasha but do no damage.
Natasha is heavily wounded.
Natasha closely misses you. Natasha claws you.
You die...

#.##.....# #.#..#...#
#...###..# ##..## ##.###
##....# #..... ##..#.##
##.#.. #..#### ####.
##########.## ## ..
......h@5...#### ####.
.##############..#.##
##.#.. ....... ..........#
+..... . #..########....##
##.#.#
#.#...............###..#.#
#.#.......###..#...#..##.#
#...........†..#.#...###.#
#######.#...#.#.#..#.#####
#.# #.....#.#...#.#.#..#.#
#.#


You could see Natasha (ally target) and a friendly ufetubus (summoned).

Vanquished Creatures
  2 bats
  2 endoplasms
  2 giant cockroaches (D:1)
  4 goblins (D:1)
  6 hobgoblins
  5 jackals
  6 kobolds
  6 quokkas
  4 ball pythons
  4 rats
41 creatures vanquished.

Vanquished Creatures (collateral kills)
  An adder (D:2)
  An endoplasm (D:1)
2 creatures vanquished.

Grand Total: 43 creatures vanquished

Notes
Turn   | Place    | Note
-------+----------+-------------------------------------------
     0 | D:1      | polve the Demonspawn Gladiator began the quest for the Orb.
     0 | D:1      | Reached XP level 1. HP: 16/16 MP: 1/1
    57 | D:1      | Reached skill level 1 in Armour
    60 | D:1      | Gained mutation: A weak demonic guardian rushes to your
                  | aid. [demonic ancestry]
    60 | D:1      | Reached XP level 2. HP: 18/22 MP: 2/2
   209 | D:1      | Reached skill level 3 in Axes
   569 | D:1      | Gained mutation: You have a pair of small horns on your
                  | head. [demonic ancestry]
   569 | D:1      | Reached XP level 3. HP: 25/27 MP: 3/3
   966 | D:1      | Found a faded altar of an unknown god.
  1424 | D:2      | Noticed Natasha
  1439 | D:2      | Slain by Natasha

Illustrated notes

Levels and vault maps discovered:
D:1:      minmay_arrival_semitransparent, layout_rooms,
          dilly_ecumenical_altar_fadedgnrine
D:2:      layout_basic, minmay_fractal_squares_gapless_5,
          uniq_crazy_yiuf_cottage, uniq_natasha

Skill      XL: |  1  2 |
---------------+-------+-----
Armour         | 1 2 |  2.0
Axes           | 3 |  3.7
Fighting       | |  2.0
Throwing       | |  1.7
Dodging        | |  2.6

Action                   || total
-------------------------++-------
Melee: War axe           ||   104
       Headbutt          ||     8
Armor: Leather armour    ||    11
       Ring mail         ||    23
Dodge: Dodged            ||    89

Table legend: (Time is in decaauts)
 A = Elapsed time spent in this place.
 B = Non-inter-level travel time spent in this place.
 C = Inter-level travel time spent in this place.
 D = Time resting spent in this place.
 E = Time spent auto-exploring this place.
 F = Levels seen in this place.
 G = Mean time per level.
                   A        B        C        D        E       F      G
               +--------+--------+--------+--------+--------+-----+--------+
         Total |   1478 |   1435 |     43 |      0 |   1173 |   2 |  739.0 |
       Dungeon |   1478 |   1435 |     43 |      0 |   1173 |   2 |  739.0 |
               +--------+--------+--------+--------+--------+-----+--------+

Top non-repeatable levels by time:
     D:1: 1035 daAuts
     D:2: 443 daAuts
